AoeStats
← 玩印度的哥们硬不起来

Arena

509379354Analyzed
1v1 RM · 6d ago on Sep 26, 2026· 39m 5s· 2 players
Game mode
Random Map
Map size
Tiny (2 player)
Population
200
Speed
Normal
Resources
Standard
Victory
Conquest
Starting age
Dark Age
Ending age
Imperial Age
RankedLock teamsTeams togetherTeam positionsShared explorationLock speedFull tech treeHidden civsTurbo modeCheats
Victory
Defeat
1049
+41
🇪🇸 Aztecs · Spain
1032
-15
driboperez
11:21 Feudal Age
15:13 Castle Age
13:25 Double-Bit Axe
16:18 Bow Saw
17:40 Loom
17:54 Horse Collar
18:07 Gold Mining
20:57 Town Watch
23:34 Wheelbarrow
24:15 Scale Mail Armor
23:45 Eagle Warrior
25:17 Hand Cart
26:48 Stone Mining
27:35 Gold Shaft Mining
30:54 Imperial Age
28:22 Pikeman
29:20 Town Patrol
31:09 Squires
31:27 Chain Mail Armor
31:22 Forging
31:17 Heavy Plow
32:06 Stone Shaft Mining
31:22 Elite Jaguar Warrior
32:26 Conscription
32:25 Elite Skirmisher
33:42 Plate Mail Armor
33:47 Iron Casting
33:13 Arson
34:46 Garland Wars
35:04 Devotion
玩印度的哥们硬不起来
7:32 Loom
10:38 Feudal Age
14:51 Castle Age
15:49 Wheelbarrow
16:39 Double-Bit Axe
16:39 Horse Collar
20:22 Fervor
23:55 Bow Saw
25:07 Heavy Plow
26:25 Scale Barding Armor
27:11 Gold Mining
27:13 Stone Mining
29:16 Husbandry
32:01 Imperial Age
30:26 Hand Cart
30:26 Husbandry
31:14 Elite Skirmisher
32:17 Chain Barding Armor
31:48 Fletching
32:09 Elite Cataphract
35:07 Two-Man Saw
34:39 Crop Rotation
35:36 Chemistry
34:39 Fletching
36:46 Conscription
37:19 Gold Shaft Mining
37:09 Bodkin Arrow
37:15 Padded Archer Armor
37:41 Ballistics
37:08 Light Cavalry
38:09 Bracer
Connection lost

Rejoining the realm…

Still unreachable

The connection could not be restored.

Session expired

The server has moved on; the page needs a fresh start.